 Dungeon Crawl Stone Soup version 0.27.1-3-gb3d3a73c9e (webtiles) character file.

Game seed: 18411482029683542763

1997 Cykl0x the Blocker (level 9, -2/75 HPs)
             Began as a Minotaur Fighter on Oct 17, 2021.
             Was an Initiate of the Shining One.
             Slain by a killer bee (7 damage)
             ... on level 7 of the Dungeon.
             The game lasted 00:08:13 (7869 turns).

Cykl0x the Blocker (Minotaur Fighter)               Turns: 7869, Time: 00:08:13

Health: -2/75      AC: 12    Str: 25    XL:     9   Next: 2%
Magic:  9/9        EV:  5    Int:  5    God:    the Shining One [......]
Gold:   1061       SH:  0    Dex:  9    Spells: 8/8 levels left

rFire    . . .     SeeInvis +   v - +5 scimitar
rCold    . . .     Faith    .   p - +0 tower shield
rNeg     . . .     Spirit   .   l - +0 chain mail
rPois    .         Reflect  .   B - +2 hat
rElec    .         Harm     .   (no cloak)
rCorr    .         Rampage  .   (no gloves)
Will     .....                  (no boots)
Stlth    ..........             (no amulet)
HPRegen  0.22/turn              k - ring of see invisible
MPRegen  0.11/turn              (no ring)

@: confused, ambrosia-drunk, glowing
A: horns 2, retaliatory headbutt
a: Renounce Religion


You were on level 7 of the Dungeon.
You worshipped the Shining One.
The Shining One was noncommittal.
You visited 2 branches of the dungeon, and saw 8 of its levels.

You collected 1241 gold pieces.
You spent 180 gold pieces at shops.

Inventory:

Hand Weapons
 v - a +5 scimitar (weapon)
 x - a +4 short sword of freezing
Missiles
 e - 269 stones
 i - 30 poisoned darts (quivered)
 r - 2 boomerangs
Armour
 b - a +0 scale mail
 c - a +0 kite shield
 j - the +1 scale mail of Edghiof {Int+2}
   (You bought it in a shop on level 3 of the Dungeon)

   Int:       It affects your intelligence (+2).
 l - a +0 chain mail (worn)
 p - a +0 tower shield (worn)
 B - a +2 hat (worn)
Jewellery
 k - a ring of see invisible (left hand)
Wands
 n - a wand of polymorph (21)
 o - a wand of acid (8)
 u - a wand of iceblast (6)
Scrolls
 q - a scroll of teleportation
 y - 3 scrolls of magic mapping
 D - 2 scrolls of identify
 E - a scroll of fear
Potions
 d - 2 potions of might
 f - a potion of lignification {unknown}
 g - 2 potions of mutation
 h - 3 potions of attraction
 m - a potion of invisibility
 s - a potion of brilliance
 t - a potion of haste {unknown}
 w - a potion of flight {unknown}
 z - a potion of heal wounds {unknown}
 C - 2 potions of berserk rage


   Skills:
 + Level 6.3 Fighting
 + Level 7.3 Long Blades
 + Level 2.4 Throwing
 + Level 7.6 Armour
 + Level 1.8 Dodging
 + Level 8.2 Shields
 * Level 2.0 Invocations


You had 8 spell levels left.
You didn't know any spells.
Your spell library contained the following spells:

 Spells                   Type           Power      Damage    Failure   Level
 Sandblast                Erth           0%         2d4       100%        1
 Passwall                 Tmut/Erth      0%         N/A       100%        2
 Slow                     Hex            0%         N/A       100%        2
 Confusing Touch          Hex            0%         N/A       100%        3
 Vampiric Draining        Necr           0%         2d6       100%        3
 Lee's Rapid Deconstruct  Erth           0%         3d5*      100%        5


Dungeon Overview and Level Annotations

Branches:
Dungeon (7/15)             Temple (1/1) D:6

Altars:
Cheibriados
Dithmenos
Elyvilon
Fedhas
Gozag
Hepliaklqana
Kikubaaqudgha
Makhleb
Nemelex Xobeh
Okawaru
Qazlal
Ru
Sif Muna
Trog
Uskayaw
Vehumet
Wu Jian
Yredelemnul
Zin
The Shining One

Shops:
D:3 [


Innate Abilities, Weirdness & Mutations

You have a pair of horns on your head.
You reflexively headbutt those who attack you in melee.


Message History

You throw a poisoned dart.
The poisoned dart barely misses the killer bee.
The killer bee buzzes angrily.
You feel sick.
You hear an angry buzzing noise.
You hear a shout! x2
Aiming: Corrosive Bolt
Press: ? - help, Shift-Dir - straight line, f/p - killer bee
Aim: a killer bee (43% to hit)
The bolt of acid misses the killer bee.
You feel sick.
You completely miss the killer bee. Your headbutt misses the killer bee.
You feel sick.
You are no longer poisoned.
The killer bee stings you but does no damage.
The killer bee stings you!
* * * LOW HITPOINT WARNING * * *
A killer bee comes into view.
The killer bee closely misses you.
You hit the killer bee.
The killer bee is heavily wounded.
You block the killer bee's attack. The killer bee stings you!
* * * LOW HITPOINT WARNING * * *
You block the killer bee's attack.
It was a potion of ambrosia.
You are confused.
You feel invigorated.
The killer bee stings you but does no damage.
The killer bee barely misses you.
You bump into the rock wall.
The killer bee stings you.
* * * LOW HITPOINT WARNING * * *
The killer bee stings you.
* * * LOW HITPOINT WARNING * * *
You miss the killer bee.
The killer bee is heavily wounded.
The killer bee stings you.
* * * LOW HITPOINT WARNING * * *
The killer bee stings you but does no damage.
You bump into the rock wall.
The killer bee stings you.
* * * LOW HITPOINT WARNING * * *
The killer bee stings you!
You die...

....................+
.....#######.#...####
#....# #.##.## ####.#
#.##### #.# #.....#
#.# #####.# #.# #.#
#.# #.# ####.# #@#
.....# #y# ###### #y#
# #.# # #.?...y.yy
##(######y ###


You could see 2 killer bees.

Vanquished Creatures
  A wyvern (D:7)
  Eustachio (D:6)
  A water moccasin (D:6)
  3 black bears
  A necrophage (D:4)
  2 centaurs
  A bullfrog (D:7)
  3 scorpions
  3 killer bees (D:7)
  5 wights (D:5)
  A howler monkey (D:5)
  A bullfrog skeleton (D:4)
  A hound (D:6)
  2 orc priests (D:4)
  A centaur skeleton (D:6)
  3 iguanas
  Robin (D:3)
  3 howler monkey skeletons
  6 adders
  2 white imps (D:6)
  An ufetubus (D:7)
  4 worms
  2 dart slugs
  14 orcs
  3 ball pythons
  6 bats
  4 endoplasms
  7 giant cockroaches
  17 goblins
  7 hobgoblins
  8 jackals
  2 quokkas (D:3)
  11 kobolds
  8 rats
136 creatures vanquished.

Notes
Turn   | Place    | Note
-------+----------+-------------------------------------------
     0 | D:1      | Cykl0x the Minotaur Fighter began the quest for the Orb.
     0 | D:1      | Reached XP level 1. HP: 19/19 MP: 0/0
   149 | D:1      | Reached XP level 2. HP: 24/27 MP: 1/1
   818 | D:2      | Reached XP level 3. HP: 31/33 MP: 2/2
   938 | D:2      | Reached skill level 4 in Shields
  1642 | D:2      | Found a shadowy altar of Dithmenos.
  1735 | D:3      | Reached XP level 4. HP: 41/41 MP: 3/3
  1746 | D:3      | Found Opletre's Antique Armour Shop.
  1847 | D:3      | Found a faded altar of an unknown god.
  2087 | D:3      | Noticed Robin
  2130 | D:3      | Killed Robin
  2810 | D:3      | You fall into a shaft and drop 2 floors!
  2810 | D:5      | Entered Level 5 of the Dungeon
  2924 | D:5      | Reached skill level 1 in Throwing
  2924 | D:5      | Reached XP level 5. HP: 47/47 MP: 4/4
  3007 | D:4      | Reached skill level 5 in Shields
  3139 | D:4      | Reached XP level 6. HP: 22/55 MP: 5/5
  3465 | D:4      | Reached skill level 5 in Fighting
  3465 | D:4      | Reached skill level 5 in Long Blades
  3468 | D:4      | Reached skill level 1 in Dodging
  3803 | D:3      | Identified a scroll of acquirement
  3803 | D:3      | Acquired 857 gold pieces
  3917 | D:3      | Bought an encrusted scale mail for 180 gold pieces
  3917 | D:3      | Identified the +1 scale mail of Edghiof {Int+2} (You bought
                  | it in a shop on level 3 of the Dungeon)
  4015 | D:4      | Found an ancient bone altar of Kikubaaqudgha.
  4109 | D:4      | Reached skill level 5 in Armour
  4109 | D:4      | Reached XP level 7. HP: 56/61 MP: 6/6
  4213 | D:4      | Reached skill level 6 in Shields
  5790 | D:5      | Found a hide-covered altar of Uskayaw.
  6306 | D:6      | Noticed Eustachio
  6316 | D:5      | Reached XP level 8. HP: 69/69 MP: 7/7
  6338 | D:6      | Reached skill level 7 in Shields
  6355 | D:6      | Killed Eustachio
  6624 | D:6      | Found a staircase to the Ecumenical Temple.
  6657 | Temple   | Entered the Ecumenical Temple
  6664 | Temple   | Became a worshipper of the Shining One
  7248 | D:7      | Reached skill level 1 in Invocations
  7344 | D:7      | Reached skill level 8 in Shields
  7862 | D:7      | Reached XP level 9. HP: 20/75 MP: 9/9
  7865 | D:7      | HP: 1/75 [killer bee (8)]
  7869 | D:7      | Slain by a killer bee

Illustrated notes

Levels and vault maps discovered:
D:1:      dpeg_arrival_short_road, layout_rooms, minmay_pentomino_v4
D:2:      layout_loops_cross, basic_altar, serial_glass, glass_columns_a,
          glass_columns_a, glass_columns_a, glass_columns_a
D:3:      kennysheep_goblin_castle, layout_basic, serial_shops, shop,
          shapermc_ecumenical_altar_hornbeckon
D:4:      layout_basic, mainiacjoe_overflow_surrounded_room
D:5:      layout_basic, nicolae_uskayaw_suspiria
D:6:      layout_rooms, minmay_temple_entry_drinking_statues, serial_rivers,
          chequers_serial_rivers_micro_e, chequers_serial_rivers_small_b,
          chequers_serial_rivers_micro_d, chequers_serial_rivers_micro_a,
          chequers_serial_rivers_room_a, minmay_misc_feat_pillars,
          uniq_eustachio
D:7:      layout_loops_corners
Temple:   nicolae_temple_no_exploring_needed

Skill      XL: |  1  2  3  4  5  6  7  8 |
---------------+-------------------------+-----
Fighting       | 4 5 6 |  6.3
Armour         | 4 5 6 7 |  7.6
Shields        | 4 5 6 8 |  8.2
Long Blades    | 3 4 5 6 7 |  7.3
Throwing       | 1 2 |  2.4
Dodging        | 1 |  1.8
Invocations    | 2 |  2.0

Action                   |  1- 3 |  4- 6 |  7- 9 || total
-------------------------+-------+-------+-------++-------
Melee: Long sword        |    80 |   151 |    57 ||   288
       Headbutt          |     5 |    27 |    22 ||    54
       Scimitar          |       |       |    93 ||    93
Throw: Stone             |    55 |    46 |    28 ||   129
       Dart              |       |       |     1 ||     1
Evoke: Wand              |       |       |     1 ||     1
  Use: Scroll            |     3 |     7 |     6 ||    16
       Potion            |       |       |     4 ||     4
Armor: Scale mail        |    17 |       |       ||    17
       Chain mail        |    23 |    89 |    61 ||   173
Dodge: Dodged            |    19 |    37 |    32 ||    88
Block: Kite shield       |    26 |    53 |       ||    79
       Tower shield      |       |    71 |   170 ||   241
       Rpst.: Long sword |     3 |    10 |     1 ||    14
       Scimitar          |       |       |     6 ||     6
